 Dungeon Crawl Stone Soup version 0.21-a0-504-g2eda330 (webtiles) character file.

889 Gwenloh the Shield-Bearer (level 8, -2/58 HPs)
             Began as a Human Fighter on Nov 25, 2017.
             Slain by an orc (3 damage)
             ... on level 6 of the Dungeon.
             The game lasted 00:30:12 (5394 turns).

Gwenloh the Shield-Bearer (Human Fighter)           Turns: 5394, Time: 00:30:13

Health: -2/58      AC:  7    Str: 18    XL:     8   Next: 26%
Magic:  8/8        EV:  7    Int:  9    God:
Gold:   223        SH: 11    Dex: 13    Spells: 7/7 levels left

rFire    . . .     SeeInvis .   a - +0 long sword
rCold    . . .     Gourm    .   c - +1 shield
rNeg     . . .     Faith    .   H - +0 scale mail (curse)
rPois    +         Spirit   .   (no helmet)
rElec    .         Reflect  .   (no cloak)
rCorr    .         Harm     .   (no gloves)
MR       .....                  (no boots)
Stlth    ..........             (no amulet)
HPRegen  0.19/turn              w - ring of poison resistance
MPRegen  0.11/turn              (no ring)

@: very slightly contaminated
A: no striking features
a: no special abilities


You were on level 6 of the Dungeon.
You were not hungry.

You visited 1 branch of the dungeon, and saw 6 of its levels.

You collected 223 gold pieces.

Inventory:

Hand Weapons
 a - a +0 long sword (weapon)
 b - a +0 hunting sling
 g - a +0 great sword
 n - a cursed +5 long sword
 r - a +4 long sword
 x - a +1 short sword of venom
Missiles
 e - 38 arrows
 h - 204 stones
 p - 2 tomahawks (quivered)
 s - 60 bolts
Armour
 c - a +1 shield (worn)
 B - a +0 chain mail
 H - a cursed +0 scale mail (worn)
Jewellery
 t - an uncursed amulet of harm
 w - a ring of poison resistance (left hand)
 C - an uncursed ring of ice {unknown}
Wands
 G - a wand of flame (24)
Scrolls
 j - 10 scrolls of identify
 m - 2 scrolls of fear
 u - a scroll of blinking
 y - a scroll of magic mapping
Potions
 i - a potion of degeneration {unknown}
 k - a potion of magic {unknown}
 l - a potion of resistance {unknown}
 o - 2 potions of curing
 q - a potion of flight {unknown}
 v - a potion of mutation {unknown}
 z - a potion of lignification {unknown}
 A - 2 potions of invisibility
 E - 3 potions of brilliance {unknown}
 F - a potion of berserk rage {unknown}
 I - 2 potions of cancellation {unknown}
Comestibles
 d - 2 chunks of flesh
 f - 5 bread rations
 D - a royal jelly


   Skills:
 - Level 3.0 Fighting
 + Level 5.8 Long Blades
 + Level 5.1 Armour
 + Level 6.2 Shields


You had 7 spell levels left.
You didn't know any spells.

Dungeon Overview and Level Annotations

Branches:
Dungeon (6/15)
 Temple: D:4-7

Altars:
Elyvilon

Shops:
D:5 }

Annotations:
D:6 Prince Ribbit


Message History

Prince Ribbit hops awkwardly around.
You block Prince Ribbit's attack.
There is an escape hatch in the floor here.
You block Prince Ribbit's attack.
You slide downwards.
The hatch slams shut behind you.
An adder and an orc come into view.
The adder hisses angrily.
Unknown command.
Blink to where?
Press: ? - help, Dir - move target cursor You are very lightly contaminated with residual magic.
As you read the scroll of blinking, it crumbles to dust.
The orc hits you.
* * * LOW HITPOINT WARNING * * *
The orc hits you.
* * * LOW HITPOINT WARNING * * *
Prince Ribbit hits you!
* * * LOW HITPOINT WARNING * * *
Prince Ribbit blinks!
The orc hits you.
You die...

#######
##.@.F.#
#..§o..#
##S....##
#.#....#
#..##.###
#.#####
.. .#S
###.


You could see Prince Ribbit, an adder and an orc.

Vanquished Creatures
  2 scorpions
  5 wights (D:4)
  3 electric eels (D:4)
  A crimson imp (D:5)
  A howler monkey (D:4)
  3 orc wizards
  An iguana (D:4)
  2 worker ants
  A howler monkey zombie (D:5)
  A worker ant zombie (D:5)
  3 gnolls (D:4)
  9 adders
  3 worms
  A dart slug (D:3)
  20 orcs
  3 ball pythons (D:2)
  6 bats
  4 giant cockroaches
  6 goblins
  5 hobgoblins
  2 quokkas (D:2)
  5 frilled lizards
  4 kobolds
  A quokka zombie (D:5)
  7 rats
99 creatures vanquished.

Notes
Turn   | Place    | Note
-------+----------+-------------------------------------------
     0 | D:1      | Gwenloh the Human Fighter began the quest for the Orb.
     0 | D:1      | Reached XP level 1. HP: 18/18 MP: 1/1
   627 | D:1      | Reached XP level 2. HP: 24/24 MP: 2/2
   929 | D:2      | Reached XP level 3. HP: 26/29 MP: 3/3
  1398 | D:2      | Reached XP level 4. HP: 34/35 MP: 4/4
  1845 | D:3      | Reached skill level 4 in Shields
  2169 | D:3      | Reached XP level 5. HP: 41/41 MP: 5/5
  3120 | D:4      | Reached XP level 6. HP: 45/47 MP: 6/6
  3372 | D:4      | Found a transporter.
  3382 | D:4      | Found a transporter.
  3406 | D:4      | Reached skill level 5 in Shields
  3623 | D:4      | Reached XP level 7. HP: 28/52 MP: 7/7
  3841 | D:4      | Reached skill level 5 in Long Blades
  4689 | D:4      | Reached XP level 8. HP: 44/58 MP: 8/8
  4901 | D:5      | Entered Level 5 of the Dungeon
  4945 | D:5      | Found Lotreime's Gadget Emporium.
  4982 | D:5      | Reached skill level 6 in Shields
  5106 | D:5      | Found a white marble altar of Elyvilon.
  5158 | D:5      | Reached skill level 5 in Armour
  5366 | D:5      | Noticed Prince Ribbit
  5394 | D:6      | HP: 1/58 [Prince Ribbit (13)]
  5394 | D:6      | Slain by an orc

Vault maps used:
D:1:      lemuel_arrival_broad_hall
D:2:      grunt_ministairs_15
D:4:      gammafunk_steamed_eel, first_bread
D:5:      lemuel_doored_altar, serial_shops, nicolae_shop_behind_doors,
          elyvilon_altar_4, uniq_prince_ribbit1
D:6:      cheibrodos_fertilizer

Skill      XL: |  1  2  3  4  5  6  7  8 |
---------------+-------------------------+-----
Long Blades    | 3 4 5 |  5.8
Shields        | 4 5 6 |  6.2
Armour         | 4 5 |  5.1
Fighting       | |  3.0

Action                   |  1- 3 |  4- 6 |  7- 9 || total
-------------------------+-------+-------+-------++-------
Melee: Long sword        |    87 |   139 |   216 ||   442
 Fire: Hunting sling     |    13 |     3 |     5 ||    21
Evoke: Wand              |       |     3 |     1 ||     4
  Use: Scroll            |       |       |    11 ||    11
       Potion            |       |       |     2 ||     2
  Eat: Chunk             |     2 |     4 |     4 ||    10
       Bread ration      |       |     1 |       ||     1
       Fruit             |       |     1 |       ||     1
Armor: Scale mail        |    44 |    30 |    53 ||   127
       Chain mail        |       |    19 |       ||    19
Dodge: Dodged            |    31 |    26 |    42 ||    99
Block: Shield            |    55 |    63 |   119 ||   237
       Rpst.: Long sword |     6 |     8 |    16 ||    30

Table legend:
 A = Spawn XP
 B = Non-spawn XP
 C = Spawn XP percentage of total XP
 D = Spawn monster count
 E = Non-spawn monster count
 F = Spawn count percentage of total count
 G = Total turns spent on level
                    A         B        C        D         E        F      G
               +---------+---------+-------+---------+---------+-------+---------
         Total |       0 |    1270 |   0.0 |       0 |      99 |   0.0 |  5394
               +---------+---------+-------+---------+---------+-------+---------
           D:1 |       0 |      11 |   0.0 |       0 |       6 |   0.0 |   859
           D:2 |       0 |      71 |   0.0 |       0 |      26 |   0.0 |   964
           D:3 |       0 |     157 |   0.0 |       0 |      27 |   0.0 |  1349
           D:4 |       0 |     774 |   0.0 |       0 |      26 |   0.0 |  1729
           D:5 |       0 |     257 |   0.0 |       0 |      14 |   0.0 |   489
               +---------+---------+-------+---------+---------+-------+---------
